 Dungeon Crawl Stone Soup version 0.19.1-1-g22dce08 (webtiles) character file.

114 theAP the Skirmisher (level 5, -2/63 HPs)
             Began as a Formicid Fighter on Jan 3, 2017.
             Was a Follower of the Shining One.
             Slain by a slave (5 damage)
             ... led by Pikel
             ... on level 4 of the Dungeon.
             The game lasted 00:06:41 (2239 turns).

theAP the Skirmisher (Formicid Fighter)             Turns: 2239, Time: 00:06:42

Health: -2/63      AC: 22    Str: 22    XL:     5   Next: 19%
Magic:  5/5        EV:  2    Int:  7    God:    the Shining One [*.....]
Gold:   135        SH:  9    Dex: 10    Spells: 0 memorised, 4 levels left

rFire  . . .     SeeInvis .     a - +0 flail
rCold  . . .     Gourm    .     (armour currently unavailable)
rNeg   + + +     Faith    .     c - +0 shield
rPois  +         Spirit   .     (helmet unavailable)
rElec  .         Reflect  .     (cloak currently unavailable)
rCorr  .         Harm     .     (gloves currently unavailable)
MR     .....                    (boots currently unavailable)
Stlth  +.........               (no amulet)
                                (no ring)
                                (no ring)

@: tree-form, glowing
A: permanent stasis, dig shafts and tunnels, four strong arms, (antennae 0)
a: Renounce Religion


You were on level 4 of the Dungeon.
You worshipped the Shining One.
The Shining One was aware of your devotion.
You were hungry.
You were a tree.
You visited 1 branch of the dungeon, and saw 4 of its levels.

You collected 135 gold pieces.

Inventory:

Hand Weapons
 a - a +0 flail (weapon)
Armour
 b - a +0 scale mail (melded)
 c - a +0 shield (worn)
 m - a +0 pair of gloves (melded)
 t - a +0 pair of boots (melded)
Wands
 s - a wand of random effects (32/48)
Scrolls
 e - a scroll of noise {unknown}
 j - 2 scrolls of remove curse
Potions
 d - a potion of might
 l - a potion of curing
 n - a potion of agility
 p - a potion of magic
 u - a potion of cancellation
Books
 q - a book of Cantrips

   Spells                             Type                      Level
   a - Confusing Touch                Hexes                        1
   b - Animate Skeleton               Necromancy                   1
   c - Summon Small Mammal            Summoning                    1
   d - Apportation                    Translocation                1
Comestibles
 f - 3 bread rations
 g - a meat ration
 i - a royal jelly
 k - 4 beef jerkies
 o - 4 fruits


   Skills:
 + Level 4.2 Fighting
 * Level 4.0 Maces & Flails
 - Level 3.5 Armour
 - Level 3.7 Shields


You had 4 spell levels left.
You didn't know any spells.

Dungeon Overview and Level Annotations

Branches:
Dungeon (4/15)
 Temple: D:4-7

Altars:
Dithmenos
The Shining One

Annotations:
D:4 Pikel


Innate Abilities, Weirdness & Mutations

You are under a permanent stasis effect.
You can dig through walls and to a lower floor.
Your four strong arms can wield two-handed weapons with a shield.
((You have a pair of large antennae on your head. (SInv)))


Message History

Pikel is heavily wounded.
Pikel hits you but does no damage. The slave hits you.
* * * LOW HITPOINT WARNING * * *
You block the slave's attack.
The slave hits you but does no damage. x2
Pikel hits you but does no damage. The slave hits you but does no damage.
You barely miss Pikel.
Pikel is heavily wounded.
The slave hits you but does no damage. x2; You block the slave's attack.
Pikel hits you but does no damage. You block the slave's attack.
Your shield prevents you from hitting Pikel.
Pikel is heavily wounded.
The slave hits you but does no damage. x3; You block Pikel's attack.
The slave hits you but does no damage. x2; The slave hits you.
* * * LOW HITPOINT WARNING * * *
You block the slave's attack.
You sock Pikel!
Pikel is severely wounded.
Pikel hits you but does no damage. The slave hits you but does no damage.
The slave hits you.
You die...

#.....(...............
......................#
......................#
......................#
......................#
......................#
.......#.............#
......###......ppp...#
......# ###....p♣K...#
.....## ###........#
.....# ####.....#
.....# ####### ....##
....# ....## .....#
.....#


You could see Pikel and 4 slaves.

Vanquished Creatures
  A crimson imp (D:3)
  An adder (D:2)
  An ooze (D:2)
  4 worms
  2 dart slugs (D:1)
  A leopard gecko (D:1)
  2 giant cockroaches
  10 hobgoblins
  A ball python (D:1)
  8 bats
  2 frilled lizards
  8 goblins
  4 kobolds
  9 rats
54 creatures vanquished.

Notes
Turn   | Place    | Note
-------+----------+-------------------------------------------
     0 | D:1      | theAP the Formicid Fighter began the quest for the Orb.
     0 | D:1      | Reached XP level 1. HP: 18/18 MP: 1/1
    78 | D:1      | Reached XP level 2. HP: 21/24 MP: 2/2
   419 | D:1      | Reached XP level 3. HP: 29/29 MP: 3/3
   950 | D:2      | HP: 1/30 [poisoned by an adder]
  1233 | D:2      | Found a glowing golden altar of the Shining One.
  1372 | D:2      | Found a faded altar of an unknown god.
  1376 | D:2      | Reached XP level 4. HP: 37/37 MP: 4/4
  1442 | D:2      | Became a worshipper of the Shining One
  1442 | D:2      | Reached * piety under the Shining One
  1808 | D:3      | Reached XP level 5. HP: 42/42 MP: 5/5
  2020 | D:3      | Found a shadowy altar of Dithmenos.
  2221 | D:4      | Noticed a slave
  2221 | D:4      | Noticed a slave
  2223 | D:4      | Noticed Pikel
  2223 | D:4      | Noticed a slave
  2223 | D:4      | Noticed a slave
  2236 | D:4      | HP: 3/63 [slave[Pikel] (4)]
  2239 | D:4      | Slain by a slave

Skill      XL: |  1  2  3  4  5 |
---------------+----------------+-----
Maces & Flails | 3 4 |  4.0
Fighting       | 4 |  4.2
Armour         | |  3.5
Shields        | |  3.7

Action                   |  1- 3 |  4- 6 || total
-------------------------+-------+-------++-------
Melee: Flail             |   118 |    66 ||   184
  Use: Scroll            |       |     8 ||     8
       Potion            |       |     1 ||     1
  Eat: Chunk             |     2 |     2 ||     4
Armor: Scale mail        |    42 |    34 ||    76
       Skin              |       |    25 ||    25
Dodge: Dodged            |    33 |    39 ||    72
Block: Shield            |    63 |    48 ||   111
